 Dungeon Crawl Stone Soup version 0.27-a0-416-gca2cecf3c0 (webtiles) character file.

Game seed: 17889627634078935379

357 Chiseanne the Ducker (level 6, -5/48 HPs)
             Began as a Demonspawn Wanderer on Feb 25, 2021.
             Slain by Pikel
             ... wielding a +2 whip of electrocution
              (9 damage)
             ... on level 4 of the Dungeon.
             The game lasted 00:05:47 (3038 turns).

Chiseanne the Ducker (Demonspawn Wanderer)          Turns: 3038, Time: 00:05:47

Health: -5/48      AC: 11    Str: 13    XL:     6   Next: 37%
Magic:  6/6        EV:  6    Int: 14    God:
Gold:   130        SH:  5    Dex: 13    Spells: 5/5 levels left

rFire    . . .     SeeInvis .   a - +2 spear
rCold    . . .     Faith    .   o - +1 buckler
rNeg     . . .     Spirit   .   n - +0 chain mail
rPois    .         Reflect  .   r - +0 helmet
rElec    .         Harm     .   (no cloak)
rCorr    .         Rampage  .   (no gloves)
Will     .....                  (no boots)
Stlth    ..........             m - amulet of regeneration
HPRegen  1.16/turn              (no ring)
MPRegen  0.10/turn              (no ring)

@: very slightly contaminated, slowed, invisible, very slow
A: hooves 1, molten scales 1, spiny 2, demonic magic 1
a: no special abilities


You were on level 4 of the Dungeon.
You visited 1 branch of the dungeon, and saw 4 of its levels.

You collected 130 gold pieces.

Inventory:

Hand Weapons
 a - a +2 spear (weapon)
 s - a +0 trident
 w - a +0 hunting sling
Missiles
 d - 17 sling bullets
 j - 53 arrows
Armour
 n - a +0 chain mail (worn)
 o - a +1 buckler (worn)
 r - a +0 helmet (worn)
Jewellery
 m - an amulet of regeneration (around neck)
Scrolls
 c - 2 scrolls of teleportation
Potions
 h - 2 potions of heal wounds
 i - a potion of brilliance {unknown}
 k - a potion of degeneration {unknown}
 p - a potion of curing


   Skills:
 * Level 3.7 Fighting
 - Level 2.6 Polearms
 * Level 1.4 Armour
 * Level 3.8 Dodging
 - Level 2.6 Stealth
 * Level 3.0 Shields


You had 5 spell levels left.
You didn't know any spells.
Your spell library was empty.

Dungeon Overview and Level Annotations

Branches:
Dungeon (4/15)
 Temple: D:4-7

Altars:
Xom
The Shining One

Annotations:
D:4 Pikel


Innate Abilities, Weirdness & Mutations

You have large cloven feet.
You are partially covered in molten scales. (AC +2)
You are mostly covered in sharp spines.
Spells you cast may paralyse adjacent enemies.


Message History

You barely miss Natasha.
Natasha is lightly wounded.
Pikel is struck by your spines. Pikel completely misses you.
Natasha is struck by your spines. Natasha claws you.
The lemure hits you but does no damage. The lemure is struck by your spines.
You kill the lemure!
That felt strangely unrewarding.
Pikel hits you but does no damage. The lemure is struck by your spines.
The lemure hits you.
You closely miss Natasha. You kick Natasha.
Natasha is almost dead.
Natasha casts a spell.
The lemure is struck by your spines. The lemure hits you but does no damage.
The lemure is struck by your spines. The lemure hits you but does no damage.
Pikel hits you with a +2 whip of electrocution.
The lemure barely misses you. Natasha is struck by your spines.
You kill Natasha!
Natasha yowls pathetically as she dies!
The crimson imp disappears in a puff of smoke!
The lemure completely misses you. The lemure is struck by your spines.
The lemure hits you.
Your Shields skill increases to level 3!
You closely miss Pikel. Your kick misses Pikel.
Pikel is moderately wounded.
Pikel hits you but does no damage. The lemure is struck by your spines.
The lemure hits you but does no damage. The lemure is struck by your spines.
The lemure hits you but does no damage. You block the lemure's attack.
Pikel barely misses you. You block the lemure's attack.
Your chain mail prevents you from hitting Pikel.
Your kick misses Pikel.
Pikel is moderately wounded.
You block the lemure's attack. x2; Pikel is struck by your spines.
Pikel hits you with a +2 whip of electrocution.
You are electrocuted!
* * * LOW HITPOINT WARNING * * *
The lemure hits you.
* * * LOW HITPOINT WARNING * * *
The lemure is struck by your spines. The lemure hits you.
* * * LOW HITPOINT WARNING * * *
Pikel hits you with a +2 whip of electrocution!
You die...

#...........#####..
...###...........##.....
......#..................
.........#................
........###..........##...
.........####............#
..........####....##.....#
..........##....)#####...#
.........@.......# #....
.......5K........# ....
.......55........# ##....
.................####.....
......[...........##......
..........................
.........>.......##....#..
................####......
...............####.......


You could see Pikel and 3 lemures.

Vanquished Creatures
  An ogre (D:3)
  A lemure (D:4)
  A hound (D:4)
  Natasha (D:4)
  An orc wizard (D:3)
  2 worker ants (D:4)
  Robin (D:2)
  4 adders
  An ooze (D:3)
  2 dart slugs
  8 orcs (D:3)
  4 giant cockroaches
  15 goblins
  5 hobgoblins
  9 jackals
  4 kobolds
  4 ball pythons
  9 bats
  4 frilled lizards
  10 rats
87 creatures vanquished.

Notes
Turn   | Place    | Note
-------+----------+-------------------------------------------
     0 | D:1      | Chiseanne the Demonspawn Wanderer began the quest for the
                  | Orb.
     0 | D:1      | Chiseanne set off with the following items: a +2 spear, a
                  | +0 quarterstaff, a scroll of teleportation, a +0 robe, a +0
                  | dagger
     0 | D:1      | Reached XP level 1. HP: 15/15 MP: 1/1
   148 | D:1      | Found a shimmering altar of Xom.
   283 | D:1      | Gained mutation: You are partially covered in molten
                  | scales. (AC +2) [demonic ancestry]
   283 | D:1      | Reached XP level 2. HP: 11/21 MP: 2/2
  1237 | D:2      | Found a glowing golden altar of the Shining One.
  1288 | D:2      | Gained mutation: You are partially covered in sharp spines.
                  | [demonic ancestry]
  1288 | D:2      | Reached XP level 3. HP: 21/27 MP: 3/3
  1408 | D:2      | Noticed Robin
  1428 | D:2      | HP: 1/28 [Robin/+0 mace (3)]
  1433 | D:2      | Killed Robin
  2065 | D:3      | Gained mutation: You have large cloven feet. [demonic
                  | ancestry]
  2065 | D:3      | Reached XP level 4. HP: 34/34 MP: 4/4
  2160 | D:3      | Noticed an ogre
  2188 | D:3      | Killed an ogre
  2189 | D:3      | Gained mutation: You are mostly covered in sharp spines.
                  | [demonic ancestry]
  2189 | D:3      | Reached XP level 5. HP: 41/41 MP: 5/5
  2899 | D:4      | Reached skill level 1 in Armour
  2899 | D:4      | Gained mutation: Spells you cast may paralyse adjacent
                  | enemies. [demonic ancestry]
  2899 | D:4      | Reached XP level 6. HP: 44/47 MP: 6/6
  3024 | D:4      | Noticed Pikel
  3027 | D:4      | Noticed Natasha
  3035 | D:4      | Killed Natasha
  3037 | D:4      | HP: 2/48 [lemure[Pikel] (3)]
  3038 | D:4      | Slain by Pikel

Illustrated notes

Levels and vault maps discovered:
D:1:      wheals_arrival_linesprint, layout_loops_cross, xom_teletrap_fun
D:2:      layout_loops_ring, tso_oasis_becter, uniq_robin
D:3:      layout_basic
D:4:      layout_layer_cave, temple_doors_e, sigmund_edmund_badplayer,
          uniq_edmund, uniq_natasha, uniq_pikel, uniq_eustachio

Skill      XL: |  1  2  3  4  5  6 |
---------------+-------------------+-----
Dodging        | 2 3 |  3.8
Fighting       | 2 3 |  3.7
Shields        | 2 3 |  3.0
Armour         | 1 |  1.4
Polearms       | |  2.6
Stealth        | |  2.6

Action                   |  1- 3 |  4- 6 || total
-------------------------+-------+-------++-------
Melee: Spear             |   108 |   122 ||   230
       Kick              |       |    27 ||    27
  Use: Scroll            |     5 |     1 ||     6
       Potion            |     1 |     1 ||     2
 Stab: Sleeping          |    13 |     1 ||    14
Armor: Robe              |    14 |     2 ||    16
       Chain mail        |       |    52 ||    52
Dodge: Dodged            |    41 |    33 ||    74
Block: Buckler           |     6 |    37 ||    43

Table legend: (Time is in decaauts)
 A = Elapsed time spent in this place.
 B = Non-inter-level travel time spent in this place.
 C = Inter-level travel time spent in this place.
 D = Time resting spent in this place.
 E = Time spent auto-exploring this place.
 F = Levels seen in this place.
 G = Mean time per level.
                   A        B        C        D        E       F      G
               +--------+--------+--------+--------+--------+-----+--------+
         Total |   3040 |   2945 |     95 |    276 |   2153 |   4 |  760.0 |
       Dungeon |   3040 |   2945 |     95 |    276 |   2153 |   4 |  760.0 |
               +--------+--------+--------+--------+--------+-----+--------+

Top non-repeatable levels by time:
     D:1: 1096 daAuts
     D:2: 925 daAuts
     D:3: 869 daAuts
     D:4: 148 daAuts
